 Dungeon Crawl Stone Soup version 0.28-a0-1152-g9c71ebef14 (webtiles) character file.

Game seed: 10383424896499672000

1901 Redcow54321 the Grappler (level 8, -3/74 HPs)
             Began as a Troll Fighter on Dec 14, 2021.
             Slain by a komodo dragon (25 damage)
             ... on level 5 of the Dungeon.
             The game lasted 00:07:46 (4215 turns).

Redcow54321 the Grappler (Troll Fighter)            Turns: 4215, Time: 00:07:47

Health: -3/74      AC:  6    Str: 27    XL:     8   Next: 94%
Magic:  7/7        EV:  9    Int:  4    God:
Gold:   331        SH:  0    Dex:  9    Spells: 7/7 levels left

rFire   + . .      SeeInvis .     - Unarmed
rCold   . . .      Faith    .   (no shield)
rNeg    . . .      Spirit   .   c - +0 troll leather armour
rPois   .          Reflect  .   (helmet restricted)
rElec   .          Harm     .   (no cloak)
rCorr   .          Rampage  .   (gloves unavailable)
Will    .....                   (boots unavailable)
Stlth   +.........              s - amulet of regeneration
HPRegen 2.62/turn               i - ring of protection from fire
MPRegen 0.10/turn               (no ring)

@: no status effects
A: large, unfitting armour, claws 3, regeneration 1, shaggy fur 1, tough skin 1
a: no special abilities


You were on level 5 of the Dungeon.
You visited 1 branch of the dungeon, and saw 5 of its levels.

You collected 331 gold pieces.

Inventory:

Armour
 a - a +0 robe
 b - a +0 kite shield
 c - a +0 troll leather armour (worn)
Jewellery
 i - a ring of protection from fire (left claw)
 k - an amulet of reflection
 s - an amulet of regeneration (around neck)
Wands
 r - a wand of flame (1)
 u - a wand of mindburst (10)
Scrolls
 f - a scroll of summoning {unknown}
 g - 3 scrolls of identify {unknown}
 j - 2 scrolls of fog {unknown}
 l - a scroll of magic mapping {unknown}
 m - 2 scrolls of torment {unknown}
 q - a scroll of enchant weapon {unknown}
 t - a scroll of noise {unknown}
Potions
 d - 2 potions of cancellation {unknown}
 e - 3 potions of heal wounds
 h - a potion of attraction {unknown}
 n - a potion of magic {unknown}
 o - a potion of berserk rage {unknown}
 p - a potion of haste {unknown}
 v - a potion of lignification {unknown}
 w - 2 potions of curing {unknown}


   Skills:
 - Level 2.4 Fighting
 - Level 2.4 Dodging
 - Level 2.4 Shields
 * Level 11.7 Unarmed Combat


You had 7 spell levels left.
You didn't know any spells.
Your spell library contained the following spells:

 Spells                   Type           Power      Damage    Failure   Level
 Sublimation of Blood     Necr           0%         N/A       67%         2
 Wereblood                Tmut           0%         N/A       67%         2
 Dazzling Flash           Conj/Hex       0%         N/A       88%         3
 Iskenderun's Mystic Bla  Conj/Tloc      0%         2d3       99%         4
 Leda's Liquefaction      Hex/Erth       0%         N/A       99%         4
 Lee's Rapid Deconstruct  Erth           0%         3d5*      100%        5
 Starburst                Conj/Fire      0%         6d3       100%        6
 Statue Form              Tmut/Erth      0%         N/A       100%        6
 Summon Hydra             Summ           0%         N/A       100%        7


Dungeon Overview and Level Annotations

Branches:
Dungeon (5/15)
 Temple: D:4-7

Altars:
Cheibriados
Dithmenos
Elyvilon
Makhleb
Okawaru
Ru
Vehumet
Xom


Innate Abilities, Weirdness & Mutations

You are too large for most types of armour.
You have claws for hands.
Your natural rate of healing is unusually fast.
You are covered in fur. (AC +1)
You have tough skin. (AC +1)


Message History

Things that are here:
an adder corpse; a black bear corpse You claw the iguana!
You claw the iguana.
You kill the iguana!
The hound bites you. x2
You barely miss the hound. The hound completely misses you.
You scratch the hound.
The hound is moderately wounded.
The hound barely misses you.
You closely miss the hound.
The hound is moderately wounded.
The hound bites you but does no damage.
You closely miss the hound.
The hound is moderately wounded.
The hound bites you but does no damage. The hound bites you.
You mangle the hound!!
You kill the hound!
No target in view!
w - 2 fuming grey potions You open the door.
A komodo dragon and an orc warrior come into view.
The komodo dragon hisses angrily.
The orc warrior shouts!
Found six items.
Found a war axe.
The komodo dragon bites you!!
The orc warrior hits you but does no damage.
There is an open door, spattered with blood here.
You barely miss the komodo dragon. You claw the komodo dragon.
The komodo dragon is lightly wounded.
The komodo dragon bites you!
You claw the komodo dragon!
The komodo dragon is moderately wounded.
The komodo dragon closely misses you.
You scratch the komodo dragon.
The komodo dragon is moderately wounded.
The komodo dragon bites you!!
* * * LOW HITPOINT WARNING * * *
You claw the komodo dragon!
The komodo dragon is severely wounded.
The komodo dragon bites you!!
You die...

##################
.#.....#.....#!?(#
.#..††.#.....#.).#
.#..#..#..#..#))o#
.#..#.†#..#..###l# #
....#.....#.....@# #
....#.....#......# #
#################### #
...................# #
...................# #
##################.# #
....#.....#......#.##############
....#.....#......#...............
(#..#..#..#..###)#####.###....###


You could see a komodo dragon and an orc warrior.

Vanquished Creatures
  A troll (D:5)
  2 water moccasins (D:5)
  3 black bears
  2 necrophages (D:5)
  2 ogres
  2 scorpions (D:5)
  A bullfrog zombie (D:5)
  A jelly (D:4)
  2 bullfrog skeletons (D:5)
  A centaur skeleton (D:4)
  5 hounds (D:5)
  7 iguanas (D:5)
  An orc wizard (D:5)
  A hound zombie (D:5)
  6 gnolls
  9 adders
  2 white imps (D:5)
  An ufetubus (D:5)
  An adder skeleton (D:4)
  3 worms
  2 dart slugs
  5 orcs (D:5)
  5 ball pythons
  4 endoplasms
  2 giant cockroaches
  2 goblins (D:2)
  7 hobgoblins
  2 jackals (D:1)
  7 kobolds
  3 quokkas
  5 bats
  4 frilled lizards
  8 rats
109 creatures vanquished.

Vanquished Creatures (others)
  15 plants (D:4)
15 creatures vanquished.

Grand Total: 124 creatures vanquished

Notes
Turn   | Place    | Note
-------+----------+-------------------------------------------
     0 | D:1      | Redcow54321 the Troll Fighter began the quest for the Orb.
     0 | D:1      | Reached XP level 1. HP: 22/22 MP: 0/0
    72 | D:1      | Found a faded altar of an unknown god.
   289 | D:1      | Reached XP level 2. HP: 29/29 MP: 1/1
   552 | D:1      | Reached skill level 3 in Unarmed Combat
   955 | D:2      | Reached XP level 3. HP: 29/36 MP: 2/2
  2017 | D:3      | Reached skill level 4 in Unarmed Combat
  2075 | D:2      | Reached XP level 4. HP: 13/44 MP: 1/3
  2272 | D:3      | Found a shimmering altar of Xom.
  2528 | D:4      | Noticed a black bear
  2534 | D:4      | Killed a black bear
  2535 | D:4      | Reached skill level 5 in Unarmed Combat
  2535 | D:4      | Reached XP level 5. HP: 33/50 MP: 2/4
  2578 | D:3      | Reached skill level 6 in Unarmed Combat
  2660 | D:4      | Noticed a black bear
  2666 | D:4      | Killed a black bear
  2667 | D:4      | Reached XP level 6. HP: 57/59 MP: 5/5
  2699 | D:4      | Found a shadowy altar of Dithmenos.
  2800 | D:4      | Found a snail-covered altar of Cheibriados.
  2800 | D:4      | Found a radiant altar of Vehumet.
  2801 | D:4      | Found a sacrificial altar of Ru.
  2886 | D:4      | Found an iron altar of Okawaru.
  2984 | D:4      | Found a white marble altar of Elyvilon.
  3016 | D:4      | Reached skill level 7 in Unarmed Combat
  3403 | D:5      | Entered Level 5 of the Dungeon
  3412 | D:5      | Reached XP level 7. HP: 66/66 MP: 4/6
  3416 | D:5      | Reached skill level 8 in Unarmed Combat
  3505 | D:5      | Found a burning altar of Makhleb.
  3608 | D:5      | Reached skill level 9 in Unarmed Combat
  3693 | D:5      | Reached XP level 8. HP: 68/74 MP: 7/7
  3701 | D:5      | Reached skill level 10 in Unarmed Combat
  4104 | D:5      | Noticed a troll
  4112 | D:5      | Killed a troll
  4113 | D:5      | Reached skill level 11 in Unarmed Combat
  4209 | D:5      | Noticed a komodo dragon
  4215 | D:5      | Slain by a komodo dragon

Illustrated notes

Levels and vault maps discovered:
D:1:      dpeg_arrival_rooms_c, layout_basic,
          hellmonk_ecumenical_altar_pennies_from_heaven
D:2:      layout_basic, corexii_shack
D:3:      layout_rooms, mainiacjoe_overflow_alcove_1
D:4:      layout_loops_ring, grunt_dithmenos_smoke,
          nicolae_elyvilon_temple_path, okawaru_ov_weapons_minmay,
          gammafunk_temple_overflow_claw
D:5:      kennysheep_windowed_halls, layout_rooms, marbit_many_paths,
          minivault_5, minmay_checkerbox

Skill      XL: |  1  2  3  4  5  6  7  8 |
---------------+-------------------------+-----
Unarmed Combat | 3 4 5 6 7 9 11 | 11.7
Fighting       | |  2.4
Dodging        | |  2.4
Shields        | |  2.4

Action                   |  1- 3 |  4- 6 |  7- 9 || total
-------------------------+-------+-------+-------++-------
Melee: Unarmed           |   106 |   103 |   117 ||   326
       Punch             |     2 |     5 |     4 ||    11
Evoke: Wand              |       |       |     1 ||     1
  Use: Potion            |       |       |     2 ||     2
 Stab: Sleeping          |     2 |       |       ||     2
Armor: Robe              |    47 |    29 |    17 ||    93
       Troll leather arm |       |       |     7 ||     7
Dodge: Dodged            |    70 |    47 |    48 ||   165

Table legend: (Time is in decaauts)
 A = Elapsed time spent in this place.
 B = Non-inter-level travel time spent in this place.
 C = Inter-level travel time spent in this place.
 D = Time resting spent in this place.
 E = Time spent auto-exploring this place.
 F = Levels seen in this place.
 G = Mean time per level.
                   A        B        C        D        E       F      G
               +--------+--------+--------+--------+--------+-----+--------+
         Total |   4183 |   4047 |    136 |     70 |   3187 |   5 |  836.6 |
       Dungeon |   4183 |   4047 |    136 |     70 |   3187 |   5 |  836.6 |
               +--------+--------+--------+--------+--------+-----+--------+

Top non-repeatable levels by time:
     D:2: 1185 daAuts
     D:1: 871 daAuts
     D:4: 819 daAuts
     D:5: 790 daAuts
     D:3: 516 daAuts
